 Dungeon Crawl Stone Soup version 0.31-a0-851-g7ff8af7976 (webtiles) character file.

Game seed: 8312082706215124098

3454 Armakuni the Cruncher (level 10, -4/63 HPs)
             Began as a Human Wanderer on Oct 7, 2023.
             Was a Follower of Vehumet.
             Slain by a sun demon (12 damage)
             ... summoned by a kobold demonologist
             ... on level 9 of the Dungeon.
             The game lasted 00:16:06 (7672 turns).

Armakuni the Cruncher (Human Wanderer)              Turns: 7672, Time: 00:16:06

Health: -4/63      AC: 14    Str: 10    XL:     10   Next: 26%
Magic:  7/13       EV: 10    Int: 15    God:    Vehumet [*.....]
Gold:   370        SH:  0    Dex: 15    Spells: 4/13 levels left

rFire   . . .        a - +4 quarterstaff
rCold   . . .        (shield currently unavailable)
rNeg    . . .        r - +3 leather armour
rPois   .            n - +2 helmet
rElec   .            f - +0 cloak
rCorr   .            w - +0 pair of gloves
SInv    .            p - +2 pair of boots
Will    .....        M - amulet of magic regeneration
Stlth   +            (no ring)
HPRegen 0.30/turn    (no ring)
MPRegen 0.53/turn

%: no passive effects
@: lethally poisoned (-4 -> -5)
A: talons 1, dopey 1, teleportitis 1
a: Renounce Religion


You were on level 9 of the Dungeon.
You worshipped Vehumet.
Vehumet was aware of your devotion.
You visited 2 branches of the dungeon, and saw 10 of its levels.

You collected 370 gold pieces.

Inventory:

Hand Weapons
 a - a +4 quarterstaff (weapon)
 b - a +0 arbalest
Missiles
 j - 7 curare-tipped darts
 o - a throwing net
Armour
 f - a +0 cloak (worn)
 n - a +2 helmet (worn)
 p - a +2 pair of boots (worn)
 r - a +3 leather armour (worn)
 w - a +0 pair of gloves (worn)
Jewellery
 u - a ring of willpower
 M - an amulet of magic regeneration (around neck)
Wands
 h - a wand of polymorph (7)
 s - a wand of iceblast (4)
 v - a wand of flame (20)
Scrolls
 c - a scroll of fear
 d - 3 scrolls of blinking
 g - a scroll of teleportation
 m - a scroll of torment
 q - a scroll of fog
 t - a scroll of poison
Potions
 e - a potion of magic
 i - 2 potions of enlightenment
 k - 3 potions of haste


   Skills:
 + Level 11.1 Staves
 - Level 1.0 Throwing
 - Level 2.0 Spellcasting
 + Level 2.9 Conjurations
 - Level 9.0 Necromancy
 - Level 2.0 Evocations


You had 4 spell levels left.
You knew the following spells:

 Your Spells              Type           Power      Damage    Failure   Level
d - Dispel Undead         Necr           28%        3d13      8%          4
s - Searing Ray           Conj           20%        2d5       14%         2
z - Vampiric Draining     Necr           28%        2d8       2%          3

Your spell library contained the following spells:

 Spells                   Type           Power      Damage    Failure   Level
 Freeze                   Ice            4%         1d3       30%         1
 Kiss of Death            Conj/Necr      76%        2d11      2%          1
 Magic Dart               Conj           40%        1d5       9%          1
 Ensorcelled Hibernation  Hex/Ice        2%         N/A       41%         2
 Passwall                 Tmut/Erth      0%         N/A       41%         2
 Confusing Touch          Hex            1%         N/A       65%         3
 Summon Guardian Golem    Hex/Summ       1%         N/A       65%         3
 Swiftness                Air            1%         N/A       65%         3
 Fulminant Prism          Conj/Hex       2%         3d5       86%         4
 Animate Armour           Summ/Erth      2%         N/A       96%         4
 Cause Fear               Hex            0%         N/A       96%         4
 Summon Lightning Spire   Summ/Air       1%         N/A       96%         4
 Fireball                 Conj/Fire      2%         3d4       99%         5
 Lee's Rapid Deconstruct  Erth           0%         3d4*      100%        5
 Orb of Destruction       Conj           5%         9d5       100%        7
 Spellforged Servitor     Conj/Summ      2%         N/A       100%        7
 Dragon's Call            Summ           0%         N/A       100%        9


Dungeon Overview and Level Annotations

Branches:
Dungeon (9/15)             Temple (1/1) D:6
   Lair: D:8-11         Orc: D:9-12

Altars:
Ashenzari
Cheibriados
Dithmenos
Fedhas
Gozag
Kikubaaqudgha
Makhleb
Nemelex Xobeh
Okawaru
Ru
Sif Muna
Uskayaw
Vehumet
Wu Jian
Xom
Yredelemnul
Zin
The Shining One

Shops:
D:2 (

Annotations:
D:5 1 runed translucent door, exclusion: door, makewrite's ghost, novice MiGl


Innate Abilities, Weirdness & Mutations

You have sharp toenails.
You are dopey. (Int -2)
You are occasionally teleported next to monsters.


Message History

You feel very sick. The ufetubus hits you. The ufetubus completely misses you.
You miss the ufetubus.
You feel sick. The ufetubus barely misses you. The ufetubus hits you.
The kobold demonologist mumbles some strange words.
You miss the ufetubus.
You feel sick. The ufetubus barely misses you. x2
You closely miss the ufetubus.
You feel sick. The ufetubus hits you. The ufetubus closely misses you.
You closely miss the ufetubus.
You feel sick. The ufetubus hits you.
* * * LOW HITPOINT WARNING * * *
The ufetubus misses you.
You sock the ufetubus!
You kill the ufetubus!
The ufetubus disappears in a puff of smoke!
You feel sick.
The kobold demonologist mumbles some strange words.
A wight comes into view. It is wielding a +0 dagger.
You feel sick.
The smoke demon roars!
The kobold demonologist barely misses you.
Casting: Vampiric Draining (dangerous; 2% risk of failure)
Confirm with . or Enter, or press ? or * to list all spells.
Aiming: Vampiric Draining (dangerous; 2% risk of failure)
Press: ? - help, Shift-Dir - straight line, f - kobold demonologist
Aim: a kobold demonologist, wielding a +0 dagger and wearing a +0 robe You draw life force from the kobold demonologist!
You feel life coursing into your body.
You feel sick.
The crimson imp blinks!
The kobold demonologist casts a spell.
Casting: Vampiric Draining (dangerous; 2% risk of failure)
Confirm with . or Enter, or press ? or * to list all spells.
Aiming: Vampiric Draining (dangerous; 2% risk of failure)
Press: ? - help, Shift-Dir - straight line, f/p - kobold demonologist
Aim: a kobold demonologist, wielding a +0 dagger and wearing a +0 robe (moderately wounded)
You draw life force from the kobold demonologist.
You feel life coursing into your body.
You feel sick.
The kobold demonologist barely misses you.
The sun demon hits you!
* * * LOW HITPOINT WARNING * * *
You are engulfed in flames!
You die...

#### ..#
### ......
#5#z# #...#
#####5#
#.3@K3#
#.##### #.#
#.#
#.######
#......#
#####.##
#########.#
#.......#.#


You could see a sun demon (summoned), a kobold demonologist, a smoke demon
(summoned), a wight and a crimson imp (summoned).

Vanquished Creatures
  Pikel (D:5)
  Jeremiah (D:7)
  A hornet (D:9)
  Prince Ribbit (D:7)
  A wraith (D:6)
  Menkaure (D:5)
  A water moccasin (D:8)
  An orc warrior (D:6)
  A black bear (D:4)
  2 ice beasts (D:6)
  2 centaurs
  A lemure (D:5)
  A phantom (D:4)
  A kobold brigand (D:9)
  A bullfrog (D:8)
  4 scorpions
  2 howler monkeys
  3 jellies
  5 hounds
  5 orc priests
  3 sleepcaps
  An iguana (D:5)
  6 orc wizards
  7 gnolls
  7 adders
  2 white imps
  3 ufetubi
  A worm (D:3)
  6 dart slugs
  31 orcs
  An endoplasm (D:4)
  A giant cockroach (D:3)
  6 goblins
  5 hobgoblins
  2 jackals (D:3)
  20 kobolds
  6 quokkas
  7 ball pythons
  5 bats
  4 frilled lizards
  8 rats
168 creatures vanquished.

Notes
Turn   | Place    | Note
-------+----------+-------------------------------------------
     0 | D:1      | Armakuni the Human Wanderer began the quest for the Orb.
     0 | D:1      | Armakuni set off with the following items: a +2
                  | quarterstaff, a wand of polymorph (7), a scroll of fear, a
                  | +0 robe; and the following spell memorised: Kiss of Death;
                  | and the following spells available to memorise: Vampiric
                  | Draining.
     0 | D:1      | Reached XP level 1. HP: 13/13 MP: 3/3
   183 | D:1      | Reached XP level 2. HP: 17/19 MP: 5/5
   460 | D:1      | Reached XP level 3. HP: 24/24 MP: 6/6
   925 | D:2      | Reached skill level 5 in Staves
  1103 | D:2      | Reached XP level 4. HP: 21/30 MP: 7/7
  1253 | D:2      | Learned a level 3 spell: Vampiric Draining
  1520 | D:2      | Found Unnitt's Antique Weapon Shop.
  1904 | D:3      | Reached XP level 5. HP: 31/35 MP: 8/8
  1988 | D:3      | Reached skill level 6 in Staves
  2708 | D:4      | Reached XP level 6. HP: 27/41 MP: 9/9
  2786 | D:4      | Found a sparkling altar of Nemelex Xobeh.
  2856 | D:4      | Learned a level 4 spell: Dispel Undead
  3207 | D:4      | Noticed a black bear
  3212 | D:4      | Reached XP level 7. HP: 46/46 MP: 10/10
  3222 | D:4      | Reached skill level 7 in Staves
  3335 | D:4      | Found a broken altar of Ashenzari.
  3335 | D:4      | Found an iron altar of Okawaru.
  3336 | D:4      | Found a blossoming altar of Fedhas.
  3520 | D:5      | Entered Level 5 of the Dungeon
  3577 | D:5      | Found a runed translucent door.
  3580 | D:5      | Noticed makewrite's ghost (novice MiGl)
  3588 | D:5      | Noticed Pikel
  3617 | D:5      | Killed Pikel
  3618 | D:5      | Reached skill level 8 in Staves
  3618 | D:5      | Reached skill level 5 in Necromancy
  3618 | D:5      | Reached XP level 8. HP: 32/52 MP: 2/11
  3640 | D:6      | Found a staircase to the Ecumenical Temple.
  3801 | D:5      | Noticed Menkaure
  3811 | D:5      | Killed Menkaure
  4102 | D:5      | Reached XP level 9. HP: 48/57 MP: 12/12
  4559 | D:6      | Reached skill level 9 in Staves
  4607 | Temple   | Entered the Ecumenical Temple
  4616 | Temple   | Became a worshipper of Vehumet
  4800 | D:6      | Found a hide-covered altar of Uskayaw.
  4832 | D:6      | Gained mutation: You have sharp toenails. [potion of
                  | mutation]
  4832 | D:6      | Gained mutation: You are occasionally teleported next to
                  | monsters. [potion of mutation]
  4832 | D:6      | Gained mutation: You are dopey. (Int -2) [potion of
                  | mutation]
  4843 | D:6      | Found an ornate altar of the Wu Jian Council.
  5392 | D:7      | Reached skill level 10 in Staves
  5419 | D:7      | Noticed Prince Ribbit
  5428 | D:7      | Killed Prince Ribbit
  5509 | D:7      | Noticed Jeremiah
  5514 | D:7      | Killed Jeremiah
  5522 | D:7      | Reached XP level 10. HP: 41/63 MP: 8/13
  5612 | D:7      | Reached * piety under Vehumet
  5612 | D:7      | Offered knowledge of Freeze by Vehumet.
  5973 | D:7      | Learned a level 2 spell: Searing Ray
  6885 | D:8      | Reached skill level 1 in Conjurations
  7651 | D:9      | Noticed a kobold demonologist
  7661 | D:9      | Paralysed by a hornet for 2 turns
  7664 | D:9      | Reached skill level 11 in Staves
  7670 | D:9      | Noticed a smoke demon
  7672 | D:9      | Noticed a sun demon
  7672 | D:9      | Slain by a sun demon

Illustrated notes

Levels and vault maps discovered:
D:1:      reono_arrival_forest_river, layout_loops_cross,
          minmay_strange_pillars, minmay_misc_feat_ornament,
          minmay_split_cup_small
D:2:      layout_basic, serial_shops, nicolae_shop_real_fake_doors,
          kennysheep_nondescript
D:3:      layout_basic
D:4:      layout_loops_ring, minitemple, serial_park_tiny_1
D:5:      layout_basic, ebering_ghost_sewer_d, uniq_pikel, uniq_menkaure
D:6:      layout_rooms, mainiacjoe_overflow_concentric_impassable,
          mainiacjoe_overflow_cross_hatched, temple_statues
D:7:      layout_layer_cave, minmay_misc_feat_columns, uniq_prince_ribbit1,
          uniq_jeremiah
D:8:      layout_loops_ring
D:9:      layout_basic, mainiacjoe_overflow_surrounded_room, elyvilon_altar_4,
          lair_entry_dummy, disabler_island, uniq_joseph, uniq_maggie,
          uniq_erica
Temple:   hellmonk_temple_two_chambers

Skill      XL: |  1  2  3  4  5  6  7  8  9 10 |
---------------+-------------------------------+-----
Staves         | 5 6 8 10 11 | 11.1
Necromancy     | 2 3 5 6 8 9 |  9.0
Conjurations   | 2 |  2.9
Throwing       | |  1.0
Spellcasting   | |  2.0
Evocations     | |  2.0

Action                     |  1- 3 |  4- 6 |  7- 9 | 10-12 || total
---------------------------+-------+-------+-------+-------++-------
  Melee: Quarterstaff      |    71 |   137 |   155 |    74 ||   437
   Fire: Arbalest          |     7 |       |       |       ||     7
  Throw: Dart              |       |       |     8 |       ||     8
   Cast: Vampiric Draining |       |     1 |    36 |    14 ||    51
         Dispel Undead     |       |       |     4 |       ||     4
  Evoke: Wand              |       |       |       |     2 ||     2
    Use: Scroll            |     3 |     7 |     3 |     2 ||    15
         Potion            |       |       |     1 |       ||     1
   Stab: Sleeping          |     1 |       |       |       ||     1
 Armour: Robe              |    45 |    77 |   119 |     2 ||   243
         Leather armour    |       |       |       |    41 ||    41
  Dodge: Dodged            |    47 |    56 |   121 |    36 ||   260

Table legend: (Time is in decaauts)
 A = Elapsed time spent in this place.
 B = Non-inter-level travel time spent in this place.
 C = Inter-level travel time spent in this place.
 D = Time resting spent in this place.
 E = Time spent auto-exploring this place.
 F = Levels seen in this place.
 G = Mean time per level.
                   A        B        C        D        E       F      G
               +--------+--------+--------+--------+--------+-----+--------+
         Total |   7654 |   7331 |    323 |    594 |   5235 |  10 |  765.4 |
       Dungeon |   7636 |   7321 |    315 |    594 |   5235 |   9 |  848.4 |
        Temple |     18 |     10 |      8 |      0 |      0 |   1 |   18.0 |
               +--------+--------+--------+--------+--------+-----+--------+

Top non-repeatable levels by time:
     D:7: 1356 daAuts
     D:2: 1143 daAuts
     D:5: 1035 daAuts
     D:4: 904 daAuts
     D:6: 794 daAuts
     D:8: 754 daAuts
     D:1: 752 daAuts
     D:3: 734 daAuts
     D:9: 161 daAuts
  Temple: 18 daAuts
